← All builds
Tech / Armada / Economy first / OBSERVED BUILD

Sharpshooter snipers

Armada Tech (Eco) build order · Supreme Isthmus

After the standard T2 rush, the player commits early to T2 Sharpshooter sniper bots from around 7:54, but the units fight roughly as often on the team's own side as in the middle, suggesting a mixed reactive push.

Usually first T2 con to Geo (83%)

#raid #t2 · 52 distinct matches · 26 players · 4% of Armada Tech games · team won 23% of 53 · Recently observed

THE CATCH, AND WHAT COMES WITH IT
  • SharpshooterT2 bot snipers from 7:54 · 6% of role by thenFrom the Advanced Bot Lab. Only 6% of Tech games have it by then; others who build it get it around 8:44

Where those units first fight, in 51 games with kill data: in the middle 51%, on their own side 49%.

Those units destroy a typical 1,380 metal of enemy units by 15:00.

Then transitions into anti-nuke (14% of army).

HOW TO PLAY IT

Key timing: Sharpshooter by 8:07

  1. Open 3 mex into wind and a bot lab like normal eco start.
  2. Get Advanced Bot Lab up on schedule instead of skipping it.
  3. Upgrade mex to Advanced Metal Extractor to fund the T2 pivot.
  4. Push Sharpshooter sniper bots to middle instead of just feeding team T2.
  5. Add anti-nuke and keep sniper bots as the core army.

Phase by phase

TYPICAL OF ITS 52 GAMES · AGAINST STANDARD TECH
  1. 1
  2. 2
  3. 3
  4. 4
  5. 5
PLAY THE OPENING

Follow the example game's first 8:54 step by step: what to build now, what comes next, and where it goes. At 1× it keeps pace with your own game.

  1. 1

    Up to the Bot Lab

    Economy
    • Metal Extractor3Mex
    • Wind Turbine4Wind
    Order
    1. Bot LabBot Lab after 3 mex, 4 winddone ~1:17, middle half 1:11–1:32

    By 1:00 in all: 3 mex · 4 wind

    The example game in this phase · 3 steps
    1. Mex ×3
    2. Wind ×3
    3. Bot LabBot Labdone 1:08 · typical 1:17
  2. 2

    Bot Lab to Advanced Bot Lab

    Economy
    • Metal Extractor1Mex
    • Wind Turbine9Wind
    • Energy Storage1Energy storage
    Order
    1. Advanced Bot LabAdvanced Bot Lab after 4 mex, 13 wind, 3 con turretdone ~4:16, middle half 4:08–4:28
    Builders
    • Construction Turret3 Con turret
    • Lazarus3 Lazarus
    • Construction Bot2 Con bot
    • Construction Bot1 Con bot for allies

    Some games also: converter (43%)

    By 3:22 in all: 4 mex · 13 wind · 1 energy storage · 3 con turret

    The example game in this phase · 14 steps
    1. Construction BotCon botfor Air
    2. LazarusLazarus
    3. Wind
    4. LazarusLazarus
    5. Wind
    6. LazarusLazarus
    7. Wind
    8. Mex
    9. LazarusLazarus
    10. Construction BotCon bot
    11. Con turret ×3
    12. Energy storage
    13. Wind ×4
    14. Advanced Bot LabAdvanced Bot Labdone 4:07 · typical 4:16
  3. 3

    Advanced Bot Lab to 5:00

    Economy
    • Wind Turbine1Wind
    Builders
    • Advanced Construction Bot1 T2 con bot for allies

    Some games also: converter (38%)

    By 5:00 in all: 4 mex · 15 wind · 2 converter · 1 energy storage · 3 con turret

    The example game in this phase · 6 steps
    1. Wind ×4
    2. Converter ×6
    3. GunslingerGunslingerfor Ponddone 4:21
    4. Advanced Construction BotT2 con botfor Geo
    5. Advanced Metal ExtractorT2 mexdone 4:57 · typical 5:14
    6. Advanced Construction BotT2 con botfor Air
  4. 4

    5:00 to T2 bot snipers

    Economy
    • Wind Turbine13Wind+4 vs standard
    Order
    1. SharpshooterT2 bot snipers after 4 mex, 26 wind, 4 converterdone ~8:25, middle half 7:20–9:36
    Builders
    • Advanced Construction Bot3 T2 con bot for allies
    • Butler3 Butler

    Some games also: converter (43%) · T2 con bot (32%)

    By 7:54 in all: 4 mex · 26 wind · 4 converter · 1 energy storage · 3 con turret

    The example game in this phase · 28 steps
    1. Wind ×3
    2. Advanced Metal ExtractorT2 mex
    3. Wind
    4. Advanced Metal ExtractorT2 mex
    5. Advanced Construction BotT2 con botfor Geo sea
    6. Wind
    7. ButlerButler
    8. Wind ×2
    9. ButlerButler
    10. Advanced Metal ExtractorT2 mex
    11. Wind
    12. ButlerButler
    13. Wind
    14. ButlerButler
    15. Wind
    16. ButlerButler
    17. Wind ×2
    18. ButlerButler
    19. Wind ×4
    20. ButlerButler
    21. Wind
    22. Converter
    23. Wind
    24. ButlerButler
    25. Wind ×2
    26. Converter
    27. Wind
    28. SharpshooterSniper botdone 7:56 · typical 8:25
  5. 5

    T2 bot snipers to 10:00

    Economy
    • Wind Turbine15Wind−18 vs standard
    Army
    • Sharpshooter1 Sniper bot

    Some games also: Butler (47%) · T2 con bot for allies (42%) · converter (42%)

    The standard build makes here, this one skips: 4 converter · 6 Butler

    By 10:00 in all: 4 mex · 50 wind · 6 converter (standard 8) · 1 energy storage · 3 con turret

    The example game in this phase · 218 steps
    1. Wind
    2. Converter
    3. Wind ×6
    4. Converter
    5. Wind ×4
    6. SharpshooterSniper bot
    7. Wind
    8. Converter
    9. Wind
    10. Converter
    11. Wind ×4
    12. Converter
    13. Wind ×4
    14. Advanced Construction BotT2 con botfor Beach sea
    15. Wind
    16. Converter ×2
    17. Windfor Suicide front
    18. Wind ×2
    19. Windfor Suicide front
    20. Wind
    21. Converter
    22. Wind
    23. Advanced Construction BotT2 con botfor Pond
    24. Converter
    25. Windfor Suicide front
    26. Wind ×2
    27. Converter
    28. Windfor Suicide front
    29. Wind ×2
    30. Windfor Suicide front
    31. Wind
    32. Converter
    33. Wind
    34. Converter
    35. Windfor Suicide front
    36. Wind ×2
    37. Converter ×2
    38. Windfor Suicide front
    39. Wind
    40. Converter
    41. Wind
    42. Windfor Suicide front
    43. Wind
    44. Converter
    45. Wind
    46. Windfor Suicide front
    47. Wind ×2
    48. Fusion ReactorFusiondone 10:27
    49. Converter
    50. Windfor Suicide front
    51. Wind ×2
    52. Windfor Suicide front
    53. Wind
    54. Converter
    55. Wind
    56. Windfor Suicide front
    57. Wind ×2
    58. Windfor Suicide front
    59. Converter
    60. Wind ×2
    61. Windfor Suicide front
    62. Wind ×2
    63. Converter
    64. Windfor Suicide front
    65. Wind ×2
    66. Windfor Suicide front
    67. Converter
    68. Wind ×2
    69. Windfor Suicide front
    70. Wind ×2
    71. Converter
    72. Windfor Suicide front
    73. Wind ×2
    74. Windfor Suicide front
    75. Converter
    76. Wind ×2
    77. Windfor Suicide front
    78. Wind ×2
    79. Converter
    80. Fusion ReactorFusion
    81. Windfor Suicide front
    82. Wind ×2
    83. Con turret
    84. Windfor Suicide front
    85. Converter
    86. Wind ×2
    87. Windfor Suicide front
    88. Wind ×2
    89. Con turret
    90. Converter
    91. Windfor Suicide front
    92. Wind ×2
    93. Windfor Suicide front
    94. Wind ×2
    95. Converter
    96. Wind ×3
    97. Con turret
    98. Converter
    99. Wind ×3
    100. Con turret
    101. Wind ×3
    102. Converter
    103. Wind ×3
    104. Con turret
    105. Wind ×3
    106. Converter
    107. Con turret
    108. Wind ×3
    109. Con turret
    110. Converter
    111. Wind ×6
    112. Converter
    113. Advanced Bot LabAdvanced Bot Labdone 12:15
    114. Wind ×3
    115. Converter
    116. Wind ×6
    117. Converter
    118. Wind ×3
    119. PlatypusPlatypus
    120. Wind ×2
    121. Converter
    122. PlatypusPlatypus
    123. Converter
    124. Wind
    125. PlatypusPlatypus ×2
    126. Converter
    127. Wind
    128. PlatypusPlatypus
    129. Converter ×2
    130. PlatypusPlatypus
    131. Wind
    132. Converter
    133. PlatypusPlatypus
    134. Wind
    135. Converter
    136. PlatypusPlatypus
    137. Converter
    138. PlatypusPlatypus
    139. Converter
    140. Wind
    141. PlatypusPlatypus
    142. Converter
    143. PlatypusPlatypus
    144. Converter
    145. Wind
    146. PlatypusPlatypus
    147. Converter
    148. PlatypusPlatypus
    149. Wind
    150. Converter
    151. PlatypusPlatypus
    152. Converter
    153. PlatypusPlatypus
    154. Converter
    155. Wind
    156. PlatypusPlatypus
    157. Converter
    158. Wind
    159. PlatypusPlatypus
    160. Converter
    161. PlatypusPlatypus
    162. Converter
    163. Wind
    164. PlatypusPlatypus
    165. Converter ×2
    166. PlatypusPlatypus
    167. Wind
    168. PlatypusPlatypus
    169. Converter ×2
    170. PlatypusPlatypus
    171. Wind
    172. Converter
    173. PlatypusPlatypus
    174. Converter
    175. PlatypusPlatypus
    176. Wind
    177. Converter
    178. PlatypusPlatypus
    179. Converter
    180. Wind
    181. PlatypusPlatypus
    182. Advanced Construction BotT2 con bot
    183. Converter ×2
    184. Wind
    185. Converter
    186. PlatypusPlatypus
    187. Con turret
    188. Wind
    189. PlatypusPlatypus
    190. Converter ×2
    191. Con turret
    192. Converter
    193. PlatypusPlatypus
    194. Wind
    195. Con turret
    196. PlatypusPlatypus
    197. Converter ×2
    198. Con turret
    199. Wind
    200. TracerTracer
    201. PlatypusPlatypus
    202. Converter
    203. Wind
    204. Converter ×2
    205. Wind
    206. CitadelAnti-nukedone 14:55
    207. Converter ×2
    208. Wind
    209. Converter ×2
    210. Wind
    211. Converter ×2
    212. Wind
    213. Converter
    214. Wind
    215. Converter ×3
    216. Wind
    217. Converter ×2
    218. Wind

Counts are medians over the build's games: half of them build more, half fewer. The example game is Teaner's (51 OS, 25/09/2026); pick another.

Team trades

IN AT LEAST 30% OF ITS GAMES

You hand over

  • Construction Bot1 Con bot to Airfirst at 2:22 · in 89% of games
  • Advanced Construction Bot5 T2 con bot to Geo sea or Air or Geofirst at 4:57 · in 100% of games
  • Butler2 Butler to Geo sea or Beach seafirst at 10:36 · in 43% of games

You get

  • Hercules2 Light transport from Airfirst at 4:10 · in 91% of games

How it plays out

Typical game of this build against the role’s standard build, running totals by minute

  • This build
  • Standard tech

Metal produced

020k40k
0:005:0010:0015:00

metal

Enemy metal destroyed

01k2k3k
0:005:0010:0015:00

metal

Own metal lost

05001k1.5k
0:005:0010:0015:00

metal

53 games.

Show as table
ByMetal produced: This buildMetal produced: Standard techEnemy metal destroyed: This buildEnemy metal destroyed: Standard techOwn metal lost: This buildOwn metal lost: Standard tech
1:003833830000
2:009119150000
3:00158216420000
4:00316331510000
5:00490048660000
6:00595958080000
7:00750872300000
8:00931090700000
9:0011440112490000
10:001364813579220000
11:0016300164096100740
12:001894319973103001300
13:002213723785163206800
14:002529627554197890754104
15:00286003161725713231360204
WHAT THE NUMBERS SAY

Won far less than the standard build despite destroying much more metal, and lost heavily doing it.

  • + Destroyed 2580 enemy metal by 15:00 vs 400 for the standard build.
  • − Lost 1407 own metal by 15:00 vs 260 standard, and team win rate dropped to 21% from 53%.
THE EXAMPLE YOU ARE READING

Teaner

50.8 OS · 25/09/2026

Open source match ↗

2 received units
2534 metal received · 83893 energy received

Allied construction assistance is unknown. Timings are observations, not a promise of solo reproducibility.

Typical milestones

Bot Lab1:17Middle 50%: 1:11–1:32 · n=53
Advanced Bot Lab4:16Middle 50%: 4:08–4:28 · n=53
Advanced Metal Extractor5:14Middle 50%: 4:56–5:35 · n=53
Sharpshooter8:25Middle 50%: 7:20–9:36 · n=53

Played most by

Amrissa14games of this buildDRM5games of this buildThe_Dwarf4games of this buildIMBALANCED3games of this buildhaaven2games of this build